 Dungeon Crawl Stone Soup version 0.28-a0-622-gbaef9634d7 (webtiles) character file.

Game seed: 3159399508554984685

2347 zxkuqyb the Arsonist (level 9, -1/45 HPs)
             Began as a Deep Elf Fire Elementalist on Oct 7, 2021.
             Was an Initiate of Vehumet.
             Slain by a killer bee zombie (7 damage)
             ... on level 6 of the Dungeon on Oct 8, 2021.
             The game lasted 00:28:40 (7444 turns).

zxkuqyb the Arsonist (Deep Elf Fire Elementalist)   Turns: 7444, Time: 00:28:41

Health: -1/45      AC:  4    Str:  5    XL:     9   Next: 20%
Magic:  15/21      EV: 12    Int: 24    God:    Vehumet [......]
Gold:   170        SH:  0    Dex: 15    Spells: 8/22 levels left

rFire   . . .      SeeInvis +   o - +5 dagger (venom)
rCold   . . .      Faith    .   (no shield)
rNeg    . . .      Spirit   .   s - +1 robe {Will+}
rPois   .          Reflect  .   (no helmet)
rElec   .          Harm     .   (no cloak)
rCorr   .          Rampage  .   m - +0 pair of gloves
Will    +....                   (no boots)
Stlth   +++.......              (no amulet)
HPRegen 0.15/turn               q - ring of see invisible
MPRegen 0.17/turn               (no ring)

@: no status effects
A: no striking features
a: Renounce Religion


You were on level 6 of the Dungeon.
You worshipped Vehumet.
Vehumet was noncommittal.
You visited 2 branches of the dungeon, and saw 7 of its levels.

You collected 170 gold pieces.

Inventory:

Hand Weapons
 e - a +0 dagger
 g - a +2 dagger of freezing
 l - a +0 short sword of speed
 o - a +5 dagger of venom (weapon)
Missiles
 h - 8 boomerangs (quivered)
 r - 7 poisoned darts
Armour
 a - a +0 robe
 m - a +0 pair of gloves (worn)
 s - a +1 robe of willpower (worn)
 x - the +0 ring mail of Ziceat {Rampage rPois Str+4}
   (You took it off an orc warrior on level 5 of the Dungeon)

   Str:       It affects your strength (+4).
   rPois:     It protects you from poison.
   Rampage:   It bestows one free step when moving towards enemies.
Jewellery
 q - a ring of see invisible (left hand)
Wands
 i - a wand of digging (7)
 u - a wand of mindburst (9)
 A - a wand of polymorph (6)
Scrolls
 f - a scroll of blinking {unknown}
 j - 2 scrolls of amnesia {unknown}
 k - a scroll of fear {unknown}
 n - a scroll of magic mapping {unknown}
 p - a scroll of immolation {unknown}
 w - a scroll of teleportation
 y - a scroll of brand weapon {unknown}
 z - a scroll of torment {unknown}
Potions
 b - 2 potions of attraction
 c - a potion of brilliance {unknown}
 d - a potion of flight
 v - a potion of might {unknown}


   Skills:
 - Level 2.4 Dodging
 + Level 6.8 Stealth
 + Level 7.2 Spellcasting
 * Level 7.8 Conjurations
 * Level 8.5 Fire Magic


You had 8 spell levels left.
You knew the following spells:

 Your Spells              Type           Power      Damage    Failure   Level
a - Foxfire               Conj/Fire      100%       2x1d9     1%          1
b - Scorch                Fire           98%        2d10      1%          2
c - Conjure Flame         Conj/Fire      48%        6-21      1%          3
d - Flame Wave            Conj/Fire      48%        3d9       2%          4
e - Sticky Flame          Conj/Fire      48%        2d7       2%          4

Your spell library contained the following spells:

 Spells                   Type           Power      Damage    Failure   Level
 Static Discharge         Conj/Air       27%        N/A       1%          2
 Inner Flame              Hex/Fire       29%        N/A       3%          3
 Blink                    Tloc           N/A        N/A       11%         2
 Dispel Undead            Necr           8%         3d8       56%         4
 Manifold Assault         Tloc           8%         N/A       89%         5
 Storm Form               Tmut/Air       4%         N/A       100%        7


Dungeon Overview and Level Annotations

Branches:
Dungeon (6/15)             Temple (1/1) D:5

Altars:
Ashenzari
Cheibriados
Dithmenos
Elyvilon
Fedhas
Gozag
Hepliaklqana
Kikubaaqudgha
Makhleb
Nemelex Xobeh
Okawaru
Qazlal
Ru
Sif Muna
Trog
Uskayaw
Vehumet
Wu Jian
Xom
Yredelemnul
Zin
The Shining One

Shops:
D:3 =   D:5 (


Message History

Confirm with . or Enter, or press ? or * to list all spells.
You conjure some foxfire!
Casting: Foxfire (safe; 1% risk of failure)
Confirm with . or Enter, or press ? or * to list all spells.
You conjure some foxfire!
The foxfire hits the boulder beetle but does no damage.
The boulder beetle leaps!
Casting: Foxfire (safe; 1% risk of failure)
Confirm with . or Enter, or press ? or * to list all spells.
You conjure some foxfire!
Your foxfire dissipates! x3
A killer bee zombie comes into view.
Your foxfire dissipates!
Casting: Foxfire (safe; 1% risk of failure)
Confirm with . or Enter, or press ? or * to list all spells.
You conjure some foxfire!
Casting: Foxfire (safe; 1% risk of failure)
Confirm with . or Enter, or press ? or * to list all spells.
You conjure some foxfire!
The boulder beetle curls into a ball and begins rolling!
The foxfire hits the boulder beetle but does no damage. x2
The foxfire hits the killer bee zombie.
The killer bee zombie is lightly damaged.
The foxfire hits the killer bee zombie.
The killer bee zombie is moderately damaged.
The killer bee zombie hits you.
The killer bee zombie hits you but does no damage.
Casting: Foxfire (safe; 1% risk of failure)
Confirm with . or Enter, or press ? or * to list all spells.
Flames lash the boulder beetle but do no damage.
Something shouts, "Scamper away, thou unmuzzled folly-fallen cross-patch!"
The killer bee zombie hits you but does no damage.
The boulder beetle hits you!!!
Ouch! That really hurt!
* * * LOW HITPOINT WARNING * * *
The boulder beetle stops rolling and uncurls.
The killer bee zombie hits you.
* * * LOW HITPOINT WARNING * * *
You feel better. The killer bee zombie hits you!
You die...

.......#........#........#...
................#............
................# .....
######........## .....
####........######....#
............#.........#
............#..........
.............#..........
.......ยง..####.@Z.......
.......#........B.......
......#................
......#................
......#................ .....
#.........####### ....
#.........# #.........#
#.........#


You could see a boulder beetle and a killer bee zombie.

Vanquished Creatures
  Pikel (D:4)
  Grinder (D:3)
  A water moccasin (D:4)
  An ice beast (D:6)
  An orc warrior (D:5)
  A necrophage (D:6)
  An ogre (D:6)
  A centaur (D:5)
  A lemure (D:5)
  Blork the orc (D:5)
  4 scorpions
  A water moccasin zombie (D:5)
  3 bullfrog zombies (D:5)
  A hound (D:4)
  2 jellies (D:5)
  2 centaur skeletons
  2 orc priests
  A bullfrog skeleton (D:5)
  3 orc wizards
  Ijyb (D:5)
  5 iguanas
  9 adders
  10 gnolls
  An adder zombie (D:5)
  9 orcs
  11 endoplasms
  2 giant cockroaches
  9 goblins
  6 hobgoblins
  4 quokkas
  4 ball pythons
  3 bats
  3 frilled lizards
  6 kobolds
  2 rats (D:1)
114 creatures vanquished.

Vanquished Creatures (collateral kills)
  2 foxfires
2 creatures vanquished.

Vanquished Creatures (others)
  An orc wizard (D:3)
  303 foxfires
304 creatures vanquished.

Grand Total: 420 creatures vanquished

Notes
Turn   | Place    | Note
-------+----------+-------------------------------------------
     0 | D:1      | zxkuqyb the Deep Elf Fire Elementalist began the quest for
                  | the Orb.
     0 | D:1      | Reached XP level 1. HP: 10/10 MP: 6/6
   186 | D:1      | Found a faded altar of an unknown god.
   261 | D:1      | Reached XP level 2. HP: 15/15 MP: 5/8
   316 | D:1      | Learned a level 2 spell: Scorch
   829 | D:2      | Reached XP level 3. HP: 19/19 MP: 0/9
   911 | D:2      | Reached skill level 4 in Fire Magic
  1034 | D:2      | Reached XP level 4. HP: 24/24 MP: 5/11
  1519 | D:3      | Found Ufajolel's Jewellery Shop.
  1757 | D:3      | HP: 1/24 [orc (2)]
  2166 | D:3      | Learned a level 3 spell: Conjure Flame
  2304 | D:3      | Noticed Grinder
  2306 | D:3      | Paralysed by Grinder for 7 turns
  2317 | D:3      | Killed Grinder
  2318 | D:3      | Reached skill level 5 in Fire Magic
  2318 | D:3      | Reached XP level 5. HP: 28/28 MP: 2/13
  2318 | D:3      | Reached XP level 6. HP: 32/32 MP: 2/14
  3218 | D:4      | Noticed a water moccasin
  3222 | D:4      | Killed a water moccasin
  3223 | D:4      | Reached skill level 5 in Spellcasting
  3223 | D:4      | Reached XP level 7. HP: 36/36 MP: 10/16
  3906 | D:4      | Reached skill level 6 in Fire Magic
  4541 | D:4      | Reached skill level 5 in Conjurations
  4583 | D:5      | Entered Level 5 of the Dungeon
  4584 | D:5      | Noticed Pikel
  4606 | D:4      | Killed Pikel
  4607 | D:4      | Reached skill level 5 in Stealth
  4607 | D:4      | Reached XP level 8. HP: 6/41 MP: 4/18
  4881 | D:5      | Found Luac's Weapon Emporium.
  4959 | D:5      | Found a blossoming altar of Fedhas.
  5147 | D:5      | Reached skill level 7 in Fire Magic
  5680 | D:5      | Noticed Ijyb
  5737 | D:5      | Killed Ijyb
  6136 | D:5      | Learned a level 4 spell: Flame Wave
  6136 | D:5      | Found a staircase to the Ecumenical Temple.
  6154 | Temple   | Entered the Ecumenical Temple
  6370 | Temple   | Became a worshipper of Vehumet
  6438 | D:5      | Noticed Blork the orc
  6446 | D:5      | Killed Blork the orc
  6578 | D:5      | Learned a level 4 spell: Sticky Flame
  6954 | D:5      | Identified the +0 ring mail of Ziceat {Rampage rPois Str+4}
  6958 | D:5      | Reached skill level 8 in Fire Magic
  7057 | D:5      | Reached XP level 9. HP: 45/45 MP: 14/21
  7430 | D:6      | Noticed a boulder beetle
  7443 | D:6      | HP: 1/45 [killer bee zombie (4)]
  7444 | D:6      | Slain by a killer bee zombie

Illustrated notes

Levels and vault maps discovered:
D:1:      dpeg_arrival_simpleton_a, layout_rooms,
          shapermc_ecumenical_altar_mp_highgroup
D:2:      layout_rooms
D:3:      layout_basic, serial_shops, nicolae_shop_waterfront, uniq_grinder
D:4:      layout_gridville
D:5:      minmay_clustersquares, layout_basic, fedhas_bush_and_centaur_altar,
          minmay_temple_entry_junction_2, serial_shops, shop,
          grunt_decor_mini_mirrors, uniq_ijyb, uniq_blork_the_orc, uniq_pikel
D:6:      layout_basic, uniq_menkaure
Temple:   kilobyte_greek_temple

Skill      XL: |  1  2  3  4  5  6  7  8  9 |
---------------+----------------------------+-----
Conjurations   | 2 3 4 6 7 |  7.8
Stealth        | 3 4 5 6 |  6.8
Fire Magic     | 4 5 6 8 |  8.5
Spellcasting   | 4 5 6 7 |  7.2
Dodging        | |  2.4

Action                   |  1- 3 |  4- 6 |  7- 9 || total
-------------------------+-------+-------+-------++-------
Melee: Dagger            |     1 |     6 |    38 ||    45
 Cast: Foxfire           |    48 |    53 |    78 ||   179
       Scorch            |     3 |    14 |    57 ||    74
  Use: Scroll            |       |     2 |     1 ||     3
       Potion            |       |     2 |     1 ||     3
 Stab: Sleeping          |       |       |     1 ||     1
Armor: Robe              |     2 |     1 |    14 ||    17
Dodge: Dodged            |     4 |     6 |    36 ||    46

Table legend: (Time is in decaauts)
 A = Elapsed time spent in this place.
 B = Non-inter-level travel time spent in this place.
 C = Inter-level travel time spent in this place.
 D = Time resting spent in this place.
 E = Time spent auto-exploring this place.
 F = Levels seen in this place.
 G = Mean time per level.
                   A        B        C        D        E       F      G
               +--------+--------+--------+--------+--------+-----+--------+
         Total |   7425 |   7293 |    132 |   2889 |   3333 |   7 | 1060.7 |
       Dungeon |   7168 |   7075 |     93 |   2889 |   3129 |   6 | 1194.7 |
        Temple |    256 |    217 |     39 |      0 |    204 |   1 |  256.0 |
               +--------+--------+--------+--------+--------+-----+--------+

Top non-repeatable levels by time:
     D:4: 2031 daAuts
     D:5: 1971 daAuts
     D:3: 1468 daAuts
     D:1: 869 daAuts
     D:2: 637 daAuts
  Temple: 256 daAuts
     D:6: 190 daAuts
